[Event "Late-Titled-Tuesday-Blitz-July-09-2024"]
[Site "Chess.com"]
[Date "2024.07.09"]
[Round "7"]
[White "subham777"]
[Black "Bkmzzzzz"]
[Result "1-0"]
[WhiteElo "2566"]
[BlackElo "2416"]
[TimeControl "180+1"]
[EndTime "15:17:39 PDT"]
[Termination "subham777 won on time"]

1. e4 d6 2. Nc3 Nf6 3. d4 e5 4. dxe5 dxe5 5. Qe2 c6 6. g3 Be7 7. Bg2 O-O 8. Bd2 Be6 9. Nf3 Qc7 10. O-O Nbd7 11.
Rad1 b5 12. a3 a5 13. Bg5 h6 14. Bxf6 Nxf6 15. Rfe1 Bc5 16. h3 Rad8 17. Rxd8 Rxd8 18. Rd1 Rxd1+ 19. Qxd1 b4 20. axb4 axb4 21. Na4 Nxe4 22.
Nxc5 Nxc5 23. Qe1 f6 24. Qxb4 Qd6 25. Kh2 Kh7 26. Nd2 Bd5 27. Bf1 Ne4 28. Qxd6 Nxd6 29. c4 Be6 30. b4 Kg8 31. b5 cxb5 32. cxb5 Bd5 33. b6 Kf7 34. Bg2 Bxg2 35. Kxg2 Ke7 36. Nc4 Kd7 37. Nxd6 Kxd6 38. Kf3 Kc6 39. Ke4 g6 40. b7 Kxb7 41. Kd5 Kb6 42. Ke6 Kc5 43. Kxf6 Kd5 44. Kxg6 Ke4 45. Kxh6 Kf3 46. g4 Kxf2 47. g5 e4 48. g6 e3 49. g7 e2 50. g8=Q e1=Q 51. h4 Kf3 52. h5 Qe3+ 53. Qg5 Qe6+ 54. Kg7 Qd7+ 55. Kg6 Qe8+ 56. Kg7 Qd7+ 57. Kh6 Qe6+ 58.
Qg6 Qe7 59. Qf5+ Ke2 60. Qg4+ Kd3 61. Qf5+ Ke2 62. Kg6 Qe8+ 63. Kg5 Qg8+ 64. Qg6 Qd5+ 65. Kf6 Qd6+ 66. Kg7 Qe7+ 67. Qf7 Qg5+ 68. Kf8 Qh6+ 69. Ke8 Ke3 70. Ke7 Qg5+ 71. Kd6 1-0

[Event "Late-Titled-Tuesday-Blitz-July-09-2024"]
[Site "Chess.com"]
[Date "2024.07.09"]
[Round "7"]
[White "malakismayil"]
[Black "schachlana"]
[Result "1-0"]
[WhiteElo "2530"]
[BlackElo "2357"]
[TimeControl "180+1"]
[EndTime "15:17:42 PDT"]
[Termination "malakismayil won by resignation"]

1. e4 c5 2. Nf3 a6 3. Nc3 e6 4.
g3 Nc6 5. Bg2 Qc7 6. O-O Nf6 7. d3 d6 8. Bf4 Be7 9. Re1 O-O 10. e5 dxe5 11. Nxe5 Nxe5 12. Bxe5 Qb6 13. a3 Bd7 14. Ne4 Nxe4 15. Bxe4 f6 16. Qh5 f5 17. Bg2 Bf6 18. Qe2 Rad8 19. Kh1 Bc6 20. f4 Bxg2+ 21. Qxg2 Bxe5 22. Rxe5 Qxb2 23. Rae1 Qxa3 24. Rxe6 b5 25. Re7 Qc3 26. Qb7 Rf7 27. Re8+ Rf8 28. R8e7 Rf7 29. Qxa6 Rxe7 30. Rxe7 Qf6 31. Re6 Qf7 32. Qb6 Rc8 33.
Rd6 Qe7 34. Re6 Qd7 35. Kg2 c4 36. d4 Ra8 37. Kh3 Re8 38. d5 Rd8 39. Re5 h6 40.
Qe6+ Qxe6 41. dxe6 Re8 42. Rxb5 Rxe6 43. Rc5 Re4 44. Rxf5 Kh7 45. Rc5 Kg6 46. Kg4 Kf6 47. h4 Rd4 48. c3 Rd3 49. Rxc4 h5+ 50. Kh3 Kf5 51. Rc5+ Kg6 52. Rc6+ Kf5 53. c4 Rc3 54.
Rc5+ Kf6 55. Rc7 g6 56. c5 Ke6 57. c6 Kd6 58. Rg7 Kd5 59. Rxg6 Rc2 60. Rg5+ Kd4 61. Rxh5 Rc1 62. Re5 Rxc6 63. Kg4 Rh6 64. Rg5 Ke4 65. Re5+ Kd4 66. h5 Kd3 67. Kg5 Kd4 68. Kxh6 1-0

[Event "Late-Titled-Tuesday-Blitz-July-09-2024"]
[Site "Chess.com"]
[Date "2024.07.09"]
[Round "7"]
[White "Goryachkina"]
[Black "WPWPWP-2015"]
[Result "1-0"]
[WhiteElo "2716"]
[BlackElo "2526"]
[TimeControl "180+1"]
[EndTime "15:17:51 PDT"]
[Termination "Goryachkina won by checkmate"]

1. e4 e5 2. Nf3 Nc6 3. Bc4 Nf6 4. d3 Bc5 5. c3 O-O 6. O-O Re8 7. Nbd2 a5 8. h3 d5 9. Bb5 Bd7 10. a4 h6 11. Re1 d4 12. Nf1 Nh7 13. Ng3 Nf8 14. Bxc6 Bxc6 15. c4 Bd7 16. Bd2 Ng6 17. Nh2 Kh7 18. Nf5 Qc8 19. Qh5 Bf8 20. Ng4 Bxf5 21. exf5 Nh8 22. Nxe5 Ra6 23. Nxf7 Nxf7 24. Qxf7 Rxe1+ 25. Rxe1 Rf6 26. Qd5 Qxf5 27. Qxd4 Rd6 28. Qe4 Qxe4 29.
Rxe4 Rxd3 30. Bxa5 Bd6 31. g3 b6 32. Bc3 Rd1+ 33. Kg2 Ra1 34. c5 Bxc5 35. b4 Rc1 36. Bxg7 Kxg7 37. bxc5 Rxc5 38. g4 Kf6 39. Kg3 Rc3+ 40. f3 c5 41. h4 Rb3 42. Kf4 Ra3 43. g5+ hxg5+ 44. hxg5+ Kf7 45. Kg4 Rb3 46. f4 Rb4 47. Kf5 Rb1 48. Rc4 Rd1 49. a5 bxa5 50.
Rxc5 a4 51. Rc7+ Kf8 52. Ra7 Rd4 53. Ke5 Rb4 54. g6 Kg8 55. f5 Rb5+ 56. Kf6 Rb6+ 57. Kg5 Rb4 58. f6 Rb5+ 59. Kf4 Rb4+ 60. Ke5 Rb5+ 61. Kd4 Rb8 62. Rxa4 Rd8+ 63. Ke5 Re8+ 64. Kf5 Rb8 65. Re4 Rb5+ 66. Re5 Rb8 67. f7+ Kf8 68. Kg5 Kg7 69. Re8 Rb5+ 70. Kf4 Rf5+ 71. Kxf5 Kh6 72.
Rh8+ Kg7 73. f8=Q# 1-0

[Event "Late-Titled-Tuesday-Blitz-July-09-2024"]
[Site "Chess.com"]
[Date "2024.07.09"]
[Round "7"]
[White "Giorno"]
[Black "jcmesafischer"]
[Result "0-1"]
[WhiteElo "2513"]
[BlackElo "2355"]
[TimeControl "180+1"]
[EndTime "15:17:51 PDT"]
[Termination "jcmesafischer won on time"]

1. Nf3 d5 2. b3 c5 3. e3 a6 4. Be2 Nc6 5. d4 Nf6 6. O-O Bf5 7. dxc5 e6 8. Nd4 Bg6 9. Nxc6 bxc6 10. Nc3 Bxc5 11.
Na4 Bd6 12. c4 O-O 13. Bb2 Ne4 14. g3 Qg5 15. f4 Qe7 16. Rc1 Ba3 17. Rc2 Bxb2 18.
Rxb2 Rfd8 19. Qc1 Nd6 20. Rd2 Be4 21. Rfd1 f5 22. c5 Nf7 23. Qc3 e5 24. Nb6 Ra7 25.
Bf1 Re8 26. b4 h6 27. a4 d4 28. exd4 exf4 29. gxf4 Qh4 30. Qg3 Qf6 31. d5 cxd5 32. Nxd5 Bxd5 33. Rxd5 Rae7 34. b5 Re3 35. Qg2 axb5 36.
axb5 R8e4 37. c6 Rxf4 38. c7 Rc3 39. Rd8+ Kh7 40. c8=Q Rxc8 41. Rxc8 Rg4 42. Qxg4 fxg4 43.
Bg2 Qb6+ 44. Kh1 Ng5 45. Rb1 Nf3 46. Bxf3 gxf3 47. Rf8 f2 48. Kg2 Qg6+ 49. Kxf2 Qxb1 50. Rb8 Qf5+ 51. Kg2 Qg4+ 52. Kh1 Qd1+ 53. Kg2 Qd5+ 54. Kg1 Qd4+ 55. Kg2 Qe4+ 56. Kg1 Qe3+ 57. Kg2 Qe2+ 58. Kg1 Qg4+ 59. Kh1 h5 60. b6 h4 61. b7 Qf3+ 62.
Kg1 Qb3 63. h3 Qg3+ 64. Kf1 Qxh3+ 65. Ke1 Qg3+ 66. Kd1 Qxb8 0-1

[Event "Late-Titled-Tuesday-Blitz-July-09-2024"]
[Site "Chess.com"]
[Date "2024.07.09"]
[Round "7"]
[White "Kombinator01"]
[Black "AlexTruskavetsky"]
[Result "0-1"]
[WhiteElo "2474"]
[BlackElo "2704"]
[TimeControl "180+1"]
[EndTime "15:17:55 PDT"]
[Termination "AlexTruskavetsky won by checkmate"]

1. d4 Nf6 2. Bf4 e6 3. Nf3 c5 4. e3 Nc6 5. c3 d5 6. Nbd2 Bd6 7. Bg3 Bxg3 8. hxg3 O-O 9. Bd3 h6 10. Ne5 Ne7 11. g4 Nd7 12. g5 Nxe5 13. dxe5 Ng6 14.
gxh6 Nxe5 15. hxg7 Nxd3+ 16. Ke2 Kxg7 17. Kxd3 Qf6 18.
Qh5 Qg6+ 19. Ke2 b6 20. Qe5+ f6 21. Qc7+ Rf7 22. Qh2 Ba6+ 23. Ke1 Rg8 24. g4 Rd7 25. Qf4 Qd3 26. Qh6+ Kf7 27. Qh7+ Rg7 28. Qxd3 Bxd3 29. f3 f5 30. Kf2 fxg4 31. Rag1 gxf3 32. Nxf3 Rxg1 33. Rxg1 Kf6 34. Rh1 Rg7 35. Rh6+ Rg6 36. Rh8 Be4 37. Nh4 Rg4 38. a3 Rg5 39. b4 e5 40. Ke2 Rg4 41. Kf2 d4 42. exd4 exd4 43. cxd4 cxd4 44. Ke2 Kg7 45. Rh5 Kf6 46. Rh6+ Kg5 47.
Rd6 Kxh4 48. Rxd4 Bf3+ 49. Ke3 Kg3 50. Rd7 Re4+ 51. Kd3 a5 52. bxa5 bxa5 53. Rd4 Re5 54. Kc3 Kf2 55. Rd8 Ke3 56. Kb3 Be2 57. Ka4 Bd3 58. Kb3 Kd2 59. a4 Rc5 60. Ka3 Rc3+ 61. Kb2 Rc4 62. Ka3 Rb4 63. Rd7 Kc3 64. Rc7+ Bc4 65. Rg7 Rb3+ 66. Ka2 Rb7+ 67. Ka3 Rb3+ 68. Ka2 Rb2+ 69. Ka3 Ra2# 0-1

[Event "Late-Titled-Tuesday-Blitz-July-09-2024"]
[Site "Chess.com"]
[Date "2024.07.09"]
[Round "7"]
[White "grzechu96"]
[Black "tptagain"]
[Result "0-1"]
[WhiteElo "2813"]
[BlackElo "3042"]
[TimeControl "180+1"]
[EndTime "15:17:58 PDT"]
[Termination "tptagain won by resignation"]

1. e4 c6 2. d4 d5 3. e5 Bf5 4. Nf3 e6 5. Be2 Nd7 6. O-O Ne7 7. Nh4 c5 8. c3 Be4 9. Nd2 Nc6 10. Nxe4 dxe4 11. g3 Be7 12. d5 exd5 13. Nf5 g6 14. Nxe7 Qxe7 15. Qxd5 Qxe5 16. Qb3 Nb6 17. Bf4 Qf5 18. f3 O-O 19. fxe4 Qxe4 20. Bf3 Qc4 21. Qxc4 Nxc4 22. b3 N4e5 23. Bxe5 Nxe5 24.
Bxb7 Rad8 25. Rad1 Kg7 26. Rfe1 f6 27. Kg2 a5 28. h3 h5 29. Kf1 h4 30. gxh4 Rh8 31. Kg2 Kf7 32. Bd5+ Ke7 33. Be4 Rxd1 34. Rxd1 Rxh4 35.
Bc2 Rh8 36. Rd5 Rc8 37. Kg3 Ke6 38. Rd1 f5 39. Re1 Kf6 40. Rd1 Ke6 41. Kf4 Rh8 42. Re1 Rh4+ 43. Kg3 g5 44. Rd1 f4+ 45. Kg2 g4 46.
Re1 Rxh3 47. Re4 Rxc3 48. Bd1 Kf5 49. Re1 g3 50. Rh1 Kg5 51. Rh5+ Kf6 52. Rh6+ Kf5 53. Rh8 Rc1 54. Bh5 Rc2+ 55. Kf1 Rxa2 56. Rf8+ Ke4 57. Re8 Kd4 58. Rd8+ Kc3 59. Rd5 Rf2+ 60. Kg1 Nf3+ 61. Bxf3 Rxf3 62. Rxc5+ Kb4 63. Rf5 Rf2 64. Rf6 f3 65. Rf4+ Kxb3 66. Rg4 Rg2+ 67. Kf1 a4 68. Rf4 Rf2+ 69. Kg1 a3 70. Rg4 Rg2+ 71. Kh1 Rc2 72. Rxg3 a2 73. Rxf3+ Kb2 74. Rf1 a1=Q 75. Rxa1 Kxa1 76.
Kg1 Kb2 77. Kf1 Kc3 78. Ke1 Kd3 0-1

[Event "Late-Titled-Tuesday-Blitz-July-09-2024"]
[Site "Chess.com"]
[Date "2024.07.09"]
[Round "7"]
[White "legendisback1"]
[Black "Aygehovit1992"]
[Result "1/2-1/2"]
[WhiteElo "3023"]
[BlackElo "2800"]
[TimeControl "180+1"]
[EndTime "15:17:58 PDT"]
[Termination "Game drawn - insufficient material"]

1. Nf3 Nf6 2. b3 g6 3. Bb2 Bg7 4. e3 O-O 5. c4 c5 6. Be2 Nc6 7.
O-O b6 8. d4 cxd4 9. Nxd4 Bb7 10. Nc3 Rc8 11. Rc1 Nxd4 12. Qxd4 Ne4 13. Qd3 d5 14.
cxd5 Nxc3 15. Bxc3 Qxd5 16. Qxd5 Bxd5 17. Bb4 Bf6 18. Ba6 Rxc1 19. Rxc1 Be6 20. Kf1 Rd8 21. Ke2 Rd5 22. Rc7 Rg5 23. g3 Rh5 24. h4 g5 25.
hxg5 Bxg5 26. Bxe7 Bxe7 27. Rxe7 Ra5 28. Bc4 Rxa2+ 29. Kf3 Bxc4 30. bxc4 a5 31. Rb7 Rc2 32. Rxb6 Rxc4 33. Ra6 a4 34. g4 Rb4 35. Kg3 Kg7 36. f3 Rb3 37. Kf4 a3 38. g5 Rb4+ 39. e4 Rb3 40. Kg4 Re3 41. Ra4 Kg6 42. f4 a2 43. f5+ Kg7 44. Kh5 Rh3+ 45. Kg4 Rh2 46. Ra8 Rg2+ 47. Kf4 Rh2 48. f6+ Kg6 49. Rg8+ Kh5 50.
Ra8 Rf2+ 51. Ke3 Rb2 52. Kf4 Rg2 53.
Kf3 Rxg5 54. Rxa2 Kg6 55. Ra6 h5 56. Kf4 h4 57. Ra8 Rh5 58. e5 h3 59. Rg8+ Kh7 60.
Rg7+ Kh6 61. Rg1 h2 62. Rh1 Kg6 63. Ke4 Rh3 64. Kd5 Kf5 65. Kd6 Rh7 66. Kd5 Rh8 67. Kd6 Rh7 68. Kd5 Kf4 69. e6 fxe6+ 70. Kxe6 Kg3 71. f7 Rxf7 72. Kxf7 Kg2 73. Rb1 h1=Q 74. Rxh1 Kxh1 1/2-1/2

[Event "Late-Titled-Tuesday-Blitz-July-09-2024"]
[Site "Chess.com"]
[Date "2024.07.09"]
[Round "7"]
[White "ReinisUz"]
[Black "glebus008"]
[Result "1-0"]
[WhiteElo "2555"]
[BlackElo "2408"]
[TimeControl "180+1"]
[EndTime "15:17:59 PDT"]
[Termination "ReinisUz won on time"]

1. c4 e6 2. Nc3 d5 3. d4 c5 4. cxd5 cxd4 5. Qa4+ Bd7 6. Qxd4 exd5 7. Qxd5 Nf6 8. Qxb7 Nc6 9. Qb3 Rb8 10. Qd1 Bc5 11. Nf3 O-O 12. e3 Qe7 13. Be2 Rfd8 14. O-O Bf5 15. Qa4 Nb4 16. Ne1 Bd7 17. Qb3 Be6 18. Qa4 Bd7 19. Bb5 Rxb5 20. Nxb5 a6 21. a3 Bxb5 22. Qb3 Nc6 23. Nf3 Bxf1 24. Kxf1 Ne5 25.
Ne1 Qd6 26. Qc2 Neg4 27. h3 Ne5 28. b4 Bb6 29. Bb2 Qc7 30. Qxc7 Bxc7 31. Rc1 Bb8 32. Ke2 Kf8 33. Rc5 Nfd7 34. Ra5 Nc4 35. Bxg7+ Kxg7 36. Rxa6 Nde5 37. a4 Nb2 38. b5 Nec4 39. Nf3 Bc7 40. Ra7 Bb6 41. Ra6 Rb8 42. g4 Na5 43. Ne5 Nxa4 44.
Nd7 Rb7 45. Nxb6 Rxb6 46. Rxa5 Nc3+ 47. Kd3 Nxb5 48. Ra4 Nd6 49. h4 Rb3+ 50. Ke2 Rb2+ 51. Kf3 Ne8 52. Kg3 Nf6 53. f3 Nd5 54. Ra3 Rc2 55.
Rd3 Nf6 56. g5 Nh5+ 57. Kg4 Kg6 58. Rd6+ f6 59. f4 Rg2+ 60. Kf3 Rg3+ 61. Kf2 Rh3 62. Rd5 Rxh4 63. gxf6 Nxf6 64. Rg5+ Kf7 65. Kg3 Rh6 66. Ra5 Rg6+ 67. Kf3 Rh6 68. e4 Rh3+ 69. Kg2 Rb3 70. e5 Ne4 71. f5 1-0

[Event "Late-Titled-Tuesday-Blitz-July-09-2024"]
[Site "Chess.com"]
[Date "2024.07.09"]
[Round "7"]
[White "Slovak_fighter2000"]
[Black "urano56"]
[Result "1-0"]
[WhiteElo "2559"]
[BlackElo "2416"]
[TimeControl "180+1"]
[EndTime "15:18:00 PDT"]
[Termination "Slovak_fighter2000 won by checkmate"]

1. Nf3 d5 2. g3 Nf6 3. Bg2 e6 4. O-O Be7 5. d4 O-O 6. c4 dxc4 7. Qc2 a6 8. a4 Bd7 9. Qxc4 Bc6 10. Bg5 Nbd7 11. Nc3 Nb6 12. Qd3 Nbd5 13. Bxf6 Bxf6 14. e4 Nb4 15. Qc4 a5 16. Rad1 Re8 17. d5 exd5 18. exd5 Bd7 19. Nd4 Bg4 20. Ne6 fxe6 21. Qxg4 Bxc3 22.
bxc3 Nxd5 23. c4 Nf6 24. Rxd8 Nxg4 25. Rd7 Ne5 26. Rxc7 Rac8 27. Rxb7 Rxc4 28. Re1 Nd3 29. Bd5 Nxe1 30. Bxc4 Nf3+ 31. Kg2 Ne5 32. Bb5 Rd8 33. f4 Ng4 34. h3 Ne3+ 35. Kf3 Nd5 36. Ra7 Rc8 37.
Rxa5 Kf7 38. Ra7+ Kf6 39. Bd3 Rc3 40. Ke2 h6 41. Kd2 Ra3 42. h4 Nb4 43. Bb5 Rxg3 44.
a5 Rf3 45. a6 Rxf4 46. Ra8 Nxa6 47. Rxa6 Rxh4 48. Ke3 Rh3+ 49. Kf2 Rh5 50. Bc4 Rf5+ 51. Ke3 Re5+ 52. Kd4 g5 53. Ra8 Re1 54. Rf8+ Kg7 55. Re8 Kf7 56. Rh8 Kg7 57. Re8 Kf6 58. Bd3 e5+ 59. Kd5 g4 60. Re6+ Kg5 61. Be4 h5 62. Kxe5 g3 63. Re8 Rf1 64. Rg8+ Kh4 65. Rg7 Kh3 66.
Bf5+ Kh2 67. Be4 h4 68. Rh7 h3 69. Rg7 g2 70. Bxg2 hxg2 71. Rh7+ Kg1 72. Ke4 Rf7 73.
Rxf7 Kh1 74. Rh7+ Kg1 75. Kf3 Kf1 76. Ra7 g1=Q 77. Ra1# 1-0

[Event "Late-Titled-Tuesday-Blitz-July-09-2024"]
[Site "Chess.com"]
[Date "2024.07.09"]
[Round "7"]
[White "Seochesspie"]
[Black "KNVB"]
[Result "1-0"]
[WhiteElo "2937"]
[BlackElo "2667"]
[TimeControl "180+1"]
[EndTime "15:18:01 PDT"]
[Termination "Seochesspie won on time"]

1. e4 b6 2. d4 Bb7 3. Bd3 e6 4. Nf3 d5 5. e5 Ba6 6. O-O Bxd3 7.
Qxd3 Qd7 8. h4 h5 9. Bg5 Nh6 10.
a4 Nc6 11. c3 Be7 12. Nbd2 Nf5 13. g3 Bxg5 14. Nxg5 Nce7 15. a5 b5 16. Nb3 g6 17.
Nc5 Qc6 18. a6 Rb8 19. Rfc1 Kf8 20. Nf3 Kg7 21. Qd2 Qe8 22. Qg5 Ng8 23. Ne1 Qe7 24. Qf4 Rb6 25. Ned3 Qd8 26. Rd1 Nge7 27. Kg2 Nc6 28.
b4 Nb8 29. Nc1 Qc8 30. N1b3 Nxa6 31. Ra2 Nxc5 32. Nxc5 Qd8 33. Rxa7 Qe7 34. Rda1 Rc8 35. R1a5 Rbb8 36. Qd2 Rb6 37. Qd3 Qe8 38. Ra1 Rbb8 39. R7a5 Qc6 40. Qd2 Qe8 41. Ra7 Qd8 42. Qe2 Qe8 43.
Na6 Rb6 44. Nc5 Rbb8 45. Kg1 Ra8 46. R1a5 Rab8 47. Qa2 Qd8 48. Qe2 Qe8 49. Qf3 Ra8 50.
Kg2 Rab8 51. Qf4 Qd8 52. Nd3 Rb6 53. Ne1 Rbb8 54. Nf3 Ra8 55. Qc1 Rxa7 56. Rxa7 Ra8 57.
Qa3 Rxa7 58. Qxa7 Qd7 59. Ne1 Qc6 60. Qc5 Qxc5 61. bxc5 Ne7 62. Nd3 Nc6 63. Kf3 Kf8 64. Kf4 Kg7 65. Kg5 Na5 66. f3 Nc4 67. g4 Nd2 68. gxh5 Nxf3+ 69. Kg4 Ng1 70. hxg6 fxg6 71. Nf4 Kf7 72. Kg3 g5 73. hxg5 c6 74. Kg2 b4 75.
cxb4 1-0

[Event "Late-Titled-Tuesday-Blitz-July-09-2024"]
[Site "Chess.com"]
[Date "2024.07.09"]
[Round "7"]
[White "Andrei_Skvortsov"]
[Black "RantomOpening"]
[Result "1/2-1/2"]
[WhiteElo "2780"]
[BlackElo "2590"]
[TimeControl "180+1"]
[EndTime "15:18:02 PDT"]
[Termination "Game drawn by repetition"]

1. e4 c5 2. d4 cxd4 3. Qxd4 Nc6 4. Qd3 Nf6 5. Nc3 e6 6. Bf4 Bb4 7. O-O-O Bxc3 8. Qxc3 O-O 9. f3 d5 10. exd5 Nxd5 11. Qb3 Qf6 12. Bd2 Nd4 13. Qa3 Bd7 14. Bd3 Rac8 15. Kb1 Bb5 16. Bxb5 Nxb5 17. Qd3 Nd4 18.
c3 Nc6 19. Nh3 h6 20. Nf2 Rfd8 21. Ng4 Qe7 22. Qc2 Nd4 23. Qa4 b5 24. Qxd4 Nxc3+ 25. Bxc3 Rxd4 26. Rxd4 Qg5 27. g3 Qf5+ 28. Ka1 Qxf3 29.
Rhd1 Qe2 30. h3 h5 31. Ne5 Rxc3 32. bxc3 Qxe5 33. g4 hxg4 34. hxg4 Qe3 35. Kb2 Kh7 36. R1d3 Qe2+ 37. Rd2 Qf1 38. Rd7 Kg6 39. Rxa7 b4 40. cxb4 Qf4 41. Rad7 Qxb4+ 42. Kc1 Qc4+ 43. Kb1 Qe4+ 44.
Kc1 Qxg4 45. R7d4 Qg1+ 46. Rd1 Qe3+ 47. Kc2 f5 48. R4d3 Qc5+ 49. Rc3 Qa5 50. Kb3 Kf6 51. a4 g5 52. Rd6 Qe5 53. Rcc6 g4 54. a5 g3 55. a6 g2 56. Rxe6+ Qxe6+ 57. Rxe6+ Kxe6 58. a7 g1=Q 59. a8=Q Qb1+ 60. Kc3 Qe1+ 61. Kd3 Qd1+ 62. Ke3 Qb3+ 63. Kf4 Qc4+ 64. Kf3 Qg4+ 65. Kf2 Kf6 66. Qd8+ Ke6 67. Qc8+ Ke5 68. Qc7+ Kd5 69. Qd7+ Ke5 70. Qe7+ Kd4 71. Qb4+ Ke5 72. Qxg4 fxg4 73. Kg3 Kf5 74. Kg2 Kg5 75. Kg3 Kh5 76. Kg2 Kg6 77. Kg3 Kf5 78.
Kg2 Kf4 79. Kf2 g3+ 80. Kg2 Kg4 81. Kg1 Kf5 82. Kg2 Kf4 83. Kg1 Ke3 84. Kg2 Kf4 85. Kg1 Kg5 86. Kg2 Kh4 87. Kg1 Kh3 88. Kh1 Kg4 89.
Kg2 Kf4 1/2-1/2

[Event "Late-Titled-Tuesday-Blitz-July-09-2024"]
[Site "Chess.com"]
[Date "2024.07.09"]
[Round "7"]
[White "GoodOldBell"]
[Black "Juliana_Figueira"]
[Result "1-0"]
[WhiteElo "2381"]
[BlackElo "2009"]
[TimeControl "180+1"]
[EndTime "15:18:02 PDT"]
[Termination "GoodOldBell won by checkmate"]

1. Nf3 Nf6 2. b3 g6 3. Bb2 Bg7 4. g3 O-O 5. Bg2 d6 6. d4 c5 7. O-O Nbd7 8. c4 Rb8 9. Nc3 a6 10. e4 Qc7 11. Rc1 b6 12. Qd2 Bb7 13. Nd5 Bxd5 14.
exd5 Ne4 15. Qe2 Nef6 16. Rfd1 Rfe8 17. Bc3 e6 18. dxe6 fxe6 19. dxc5 Nxc5 20. Nd4 Rbc8 21. Bh3 e5 22. Nc2 Ne6 23. Bg2 Ng5 24. h4 Nf7 25.
Ne3 Kh8 26. Bb4 a5 27. Ba3 Rcd8 28. Nd5 Nxd5 29. Bxd5 Nh6 30. Rc2 Nf5 31. Bb2 Ne7 32.
Kg2 Nf5 33. h5 Ne7 34. hxg6 Nxg6 35. Be4 Qf7 36. Rh1 Kg8 37. Qh5 Bh8 38. Bc1 Qg7 39.
Bh6 Qf6 40. Bg5 Qf7 41. Bxd8 Rxd8 42. Bxg6 Qxg6 43. Qxg6+ hxg6 44. Rd2 Bf6 45. Rhd1 Kf7 46. Rd5 Ke6 47. Rb5 Rb8 48. a3 Bd8 49. Rbd5 Bc7 50. f3 Rf8 51. g4 Rf4 52. Kg3 Rf8 53. R5d3 Rf4 54. Rc3 Rf8 55. b4 axb4 56. axb4 Rc8 57. Kg2 Bb8 58. Rc2 b5 59. Rdc1 bxc4 60. Rxc4 Rxc4 61.
Rxc4 Kd7 62. b5 Bc7 63. Rc6 d5 64. Rxg6 d4 65. Kf2 d3 66. Ke3 d2 67. Kxd2 Ba5+ 68. Kd3 Bb4 69. Ke4 Bc5 70. Kf5 Bb6 71. Rxb6 Kc7 72. Re6 Kb7 73. Rxe5 Kb8 74. Re6 Kb7 75. Re7+ Kb8 76. Ke6 Kc8 77. Kd6 Kd8 78. g5 Kc8 79. Rd7 Kb8 80. Kc6 Ka8 81. Kb6 Kb8 82. Rd8# 1-0

[Event "Late-Titled-Tuesday-Blitz-July-09-2024"]
[Site "Chess.com"]
[Date "2024.07.09"]
[Round "7"]
[White "mac0504"]
[Black "Noki102"]
[Result "1/2-1/2"]
[WhiteElo "2761"]
[BlackElo "2578"]
[TimeControl "180+1"]
[EndTime "15:18:03 PDT"]
[Termination "Game drawn - insufficient material"]

1. c4 b6 2. Nc3 Bb7 3. e4 e5 4.
Nf3 Nc6 5. g3 Nf6 6. Bg2 Bc5 7.
O-O O-O 8. Nxe5 Nxe5 9. d4 Nxc4 10. dxc5 bxc5 11. Bg5 h6 12. Bxf6 Qxf6 13. Qxd7 Nxb2 14.
e5 Qb6 15. Nd5 Bxd5 16. Bxd5 Rab8 17. Rab1 Qa5 18. Rfc1 c4 19. e6 fxe6 20. Bxe6+ Kh8 21. Bxc4 Qc5 22. Bf7 Qe5 23. Qxc7 Qf6 24. Rc2 Qxf7 25. Qxf7 Rxf7 26. Rcxb2 Rxb2 27. Rxb2 Rf3 28. Kg2 Ra3 29. h4 h5 30. Rb5 g6 31. Rb2 Kg7 32. f3 Kf6 33. Kf2 Kf5 34. Rb5+ Kf6 35. Rb2 a6 36. Re2 Kf5 37. Kg2 Kf6 38. Rf2 Kf5 39. Rb2 Ra4 40. Kf2 Ra3 41. Ke2 Ra4 42. Kf2 Ra3 43.
Kg2 Ra4 44. Rf2 Ra3 45. Kh3 Kf6 46. g4 hxg4+ 47. Kxg4 Ra4+ 48. f4 Ra5 49. Rb2 Kf7 50.
Rb7+ Kf6 51. Rb6+ Kf7 52. Rb2 Kf6 53. Re2 Kf7 54. Kg3 Ra3+ 55. Kg4 Ra5 56. Rd2 Kf6 57. Rc2 Kf7 58. Rc7+ Kf6 59. Rc6+ Kf7 60. Rc2 Kf6 61.
Rh2 Kf7 62. Kf3 Kf6 63. Ke4 Ra4+ 64. Kf3 Ra3+ 65. Kg4 Ra5 66. Rf2 Kf7 67. Kf3 Kf6 68.
Ke4 Ra4+ 69. Kd5 Kf5 70. Kc6 Rxf4 71. Rxf4+ Kxf4 72. Kb6 Kg4 73. Kxa6 Kxh4 74. a4 g5 75. a5 g4 76. Kb7 g3 77. a6 g2 78. a7 g1=Q 79. a8=Q Qg2+ 80. Kb8 Qg8+ 81. Kb7 Qf7+ 82. Kb8 Qe8+ 83. Kb7 Qd7+ 84. Kb8 Qd8+ 85. Kb7 Qxa8+ 86. Kxa8 1/2-1/2

[Event "Late-Titled-Tuesday-Blitz-July-09-2024"]
[Site "Chess.com"]
[Date "2024.07.09"]
[Round "7"]
[White "bubeliang"]
[Black "ManMish2"]
[Result "0-1"]
[WhiteElo "2788"]
[BlackElo "2614"]
[TimeControl "180+1"]
[EndTime "15:18:14 PDT"]
[Termination "ManMish2 won on time"]

1. e4 e5 2. Nf3 Nc6 3. Nc3 Nf6 4.
Bb5 Nd4 5. Bc4 Bc5 6. O-O d6 7. d3 a6 8. Nxd4 Bxd4 9. Ne2 Ba7 10. Be3 Bxe3 11. fxe3 Be6 12. Bb3 Qd7 13. Bxe6 fxe6 14. Qd2 O-O-O 15. a4 d5 16. exd5 exd5 17. b4 b6 18. a5 b5 19. Nc1 d4 20. Nb3 Qd6 21.
Nc5 Ng4 22. e4 Ne3 23. Rf7 Rhf8 24. Qf2 Rxf7 25. Qxf7 Rf8 26. Qxg7 Qf6 27. Qxf6 Rxf6 28. Rc1 h5 29. h3 h4 30. c3 dxc3 31. Rxc3 Kd8 32.
d4 exd4 33. Rd3 Rf1+ 34. Kh2 Re1 35. Rxd4+ Ke7 36. Nd3 Rd1 37. g4 Rd2+ 38. Kg1 Nc4 39. g5 Nb2 40. e5 Rxd3 41. Rxh4 Re3 42. Rh7+ Ke6 43. h4 Rxe5 44. g6 Re4 45. h5 Rg4+ 46.
Kf2 Kf6 47. Rf7+ Kg5 48. Rh7 Nd3+ 49. Ke3 Ne5 50. g7 Kf6 51. h6 Nf7 52. Rh8 Nxh6 53. Rxh6+ Kxg7 54. Rxa6 Rxb4 55. Ra7 Rc4 56. a6 Kf6 57.
Rb7 c6 58. a7 Ra4 59. Rb6 Ke5 60.
Rxc6 Ra3+ 61. Kd2 Kd4 62. Rc7 Ra2+ 63. Kc1 b4 64. Kb1 b3 65. Kc1 Kd3 66. Kb1 Kd4 67. Rh7 Kc3 68. Rb7 Kc4 69. Rc7+ Kb4 0-1

[Event "Late-Titled-Tuesday-Blitz-July-09-2024"]
[Site "Chess.com"]
[Date "2024.07.09"]
[Round "7"]
[White "KevinGeorgeMicheal"]
[Black "Individoom"]
[Result "0-1"]
[WhiteElo "2554"]
[BlackElo "2760"]
[TimeControl "180+1"]
[EndTime "15:18:18 PDT"]
[Termination "Individoom won by resignation"]

1. e4 g6 2. g3 Bg7 3. Bg2 d6 4. Ne2 Nf6 5. O-O O-O 6. d4 c5 7. Nbc3 Nc6 8. h3 cxd4 9. Nxd4 Bd7 10. Nxc6 Bxc6 11. Be3 a5 12. a4 Nd7 13. Bd4 Bxd4 14. Qxd4 Qb6 15. Qxb6 Nxb6 16. b3 Rfc8 17. Ne2 Nd7 18. Nd4 Nc5 19. Rfe1 e5 20. Nxc6 bxc6 21.
Rad1 Rd8 22. Kf1 Kf8 23. Ke2 Ke7 24. Ke3 Rab8 25. f4 f6 26. Bf1 Ne6 27. fxe5 fxe5 28.
Bd3 Nd4 29. Rf1 Rf8 30. Kd2 Ke6 31. Rxf8 Rxf8 32. Rf1 Rb8 33. Rb1 d5 34. h4 Rf8 35.
exd5+ cxd5 36. Rf1 Rb8 37. h5 e4 38. Be2 Nf5 39. Bg4 Ke5 40. hxg6 hxg6 41. Rg1 Rh8 42.
Rg2 Nd4 43. Bd1 Rh1 44. c3 e3+ 45. Kxe3 Nf5+ 46. Kd2 Rxd1+ 47. Kxd1 Ne3+ 48. Ke2 Nxg2 49. b4 axb4 50. a5 b3 51. Kd2 Ne3 52. a6 b2 53.
a7 b1=Q 54. a8=Q Nc4+ 55. Ke2 Qc2+ 56. Kf3 Qd3+ 57. Kg2 Ne3+ 58. Kf3 Nf5+ 59. Kf2 Qe3+ 60. Kf1 Qf3+ 61. Ke1 Qe3+ 62. Kd1 Qd3+ 63. Ke1 Qxc3+ 64. Ke2 Qe3+ 65. Kd1 Qf3+ 66. Kc1 Qxg3 67. Qb8+ Ke4 68. Qb4+ d4 69. Qb7+ Kf4 70. Qc7+ Kg4 71. Qc6 Qf4+ 72. Kb1 Qf1+ 73. Ka2 Qe2+ 74. Kb3 Qf3+ 75. Qxf3+ Kxf3 0-1

[Event "Late-Titled-Tuesday-Blitz-July-09-2024"]
[Site "Chess.com"]
[Date "2024.07.09"]
[Round "7"]
[White "alexrustemov"]
[Black "AmbartsumianTyhran2012"]
[Result "0-1"]
[WhiteElo "2868"]
[BlackElo "2621"]
[TimeControl "180+1"]
[EndTime "15:18:32 PDT"]
[Termination "AmbartsumianTyhran2012 won by checkmate"]

1. d4 d5 2. c4 e6 3. Nc3 Nf6 4. cxd5 exd5 5. Bg5 c6 6. e3 h6 7. Bh4 Bf5 8. Qf3 Qb6 9. Qe2 Nbd7 10. Qd2 Bb4 11.
f3 O-O 12. Nge2 Rfe8 13. a3 Bd6 14. Bf2 c5 15. g4 Bg6 16. h4 cxd4 17. Nxd4 Ne5 18.
g5 Qxd4 19. Qxd4 Nxf3+ 20. Kd1 Nxd4 21. exd4 Ng4 22. Bg1 hxg5 23. hxg5 Bf4 24. Nxd5 Bxg5 25. Nc7 Rac8 26. Nxe8 Bc2+ 27. Ke2 Be4 28. Nd6 Rc2+ 29.
Kd1 Rd2+ 30. Ke1 Bxh1 31. Be2 Nf6 32. Rd1 Rxb2 33. Bf2 Bd5 34. Bc4 Bf4 35. Bxd5 Nxd5 36. Nc4 Rc2 37. Ne5 Nc3 38. Ra1 Bxe5 39. dxe5 Re2+ 40. Kf1 Rxe5 41. Bxa7 Rf5+ 42. Ke1 b5 43. Kd2 Nd5 44. Kd3 Nf6 45. Kc3 Rf4 46. Rb1 Ra4 47.
Bb6 Nd5+ 48. Kb3 Nxb6 49. Re1 Nc4 50. Re8+ Kh7 51. Rb8 Rxa3+ 52. Kb4 Ra2 53. Kc5 Ne5 54. Kd5 Ng6 55. Rxb5 Rf2 56. Ke4 Rf6 57. Rh5+ Kg8 58.
Ra5 Nf8 59. Ke3 g6 60. Ra7 Kg7 61. Ke4 Ne6 62. Ke3 g5 63. Ke2 Rf4 64. Ra5 Kg6 65. Ke3 g4 66. Ra8 Rf3+ 67. Ke4 Ng5+ 68. Ke5 Rf5+ 69.
Kd4 g3 70. Ra3 g2 71. Rg3 g1=Q+ 72. Rxg1 Rf4+ 73. Ke3 Re4+ 74. Kf2 Kf5 75. Ra1 Kg4 76. Kg2 f5 77. Kh1 f4 78. Kg2 Re2+ 79. Kh1 Nf3 80. Ra2 Nd2 81. Ra1 f3 82. Rg1+ Kf4 83. Rg8 Ne4 84. Rf8+ Ke3 85. Kg1 Rg2+ 86. Kh1 Ng3# 0-1